 Dungeon Crawl Stone Soup version 0.30-a0-862-g1aabd4f9c5 (webtiles) character file.

Game seed: 5938633568407330374

117537 holysushi the Marksoctopus (level 16, 0/114 HPs)
             Began as an Octopode Monk on Mar 9, 2023.
             Was an Initiate of Gozag.
             Shot with an arrow by a satyr (49 damage)
             ... on level 4 of the Shoals.
             The game lasted 00:53:58 (28117 turns).

holysushi the Marksoctopus (Octopode Monk)         Turns: 28117, Time: 00:53:59

Health: 0/114      AC: -1    Str: 21    XL:     16   Next: 74%
Magic:  25/25      EV: 47    Int: 10    God:    Gozag
Gold:   1816       SH:  0    Dex: 28    Spells: 15/15 levels left

rFire   + . .      SeeInvis .    b - +8 arbalest (heavy)
rCold   + . .      Faith    .    (shield currently unavailable)
rNeg    + + .      Spirit   .    N - -2 hat of the Alchemist {rElec rPois rF+ rC+ rN+ Will+ rMut rCorr}
rPois   +          Reflect  .    s - amulet of regeneration
rElec   +          Rampage  .    l - +5 ring of evasion
rCorr   +                        p - ring of poison resistance
rMut    +                        x - +6 ring of dexterity
Will    +....                    o - ring of positive energy
Stlth   +++                      y - +5 ring of evasion
HPRegen 1.19/turn                E - ring "Bekhoej" {MP+9 Str+4 Int+2}
MPRegen 0.19/turn                h - +5 ring of evasion
                                 I - ring "Ympoxt" {Str+6 Int-4 Slay+4}

@: lit by a corona, weak-willed, glowing
A: almost no armour, amphibious, 8 rings, camouflage 1, gelatinous body 1,
(nimble swimmer 1), tentacles
a: Renounce Religion, Potion Petition, Call Merchant, Bribe Branch


You were on level 4 of the Shoals.
You worshipped Gozag.
Gozag was most pleased with you.
You visited 5 branches of the dungeon, and saw 25 of its levels.
You also visited: Gauntlet.

You collected 7311 gold pieces.
You spent 1047 gold pieces at shops.
You paid 4448 gold pieces to Gozag.

Inventory:

Hand Weapons
 a - the +8 shortbow "Mawois" {flame, rC+}
   (You found it on level 5 of the Lair of Beasts)

   rC:        It protects you from cold.
 b - a +8 heavy arbalest (weapon)
 O - a +0 dagger of venom
Missiles
 J - 5 throwing nets
Armour
 N - the -2 hat of the Alchemist (worn) {rElec rPois rF+ rC+ rN+ Will+ rMut rCorr}
   (You acquired it on level 4 of the Lair of Beasts)

   rF:        It protects you from fire.
   rC:        It protects you from cold.
   rElec:     It insulates you from electricity.
   rPois:     It protects you from poison.
   rN:        It protects you from negative energy.
   rCorr:     It protects you from acid and corrosion.
   rMut:      It protects you from mutation.
   Will:      It increases your willpower.
Jewellery
 h - a +5 ring of evasion (on tentacle)
 l - a +5 ring of evasion (left tentacle)
 o - a ring of positive energy (on tentacle)
 p - a ring of poison resistance (right tentacle)
 s - an amulet of regeneration (around mantle)
 x - a +6 ring of dexterity (on tentacle)
 y - a +5 ring of evasion (on tentacle)
 E - the ring "Bekhoej" (on tentacle) {MP+9 Str+4 Int+2}
   (You found it in a Gauntlet)

   [ring of magical power]

   Str:       It affects your strength (+4).
   Int:       It affects your intelligence (+2).
   MP:        It affects your magic capacity (+9).
 I - the ring "Ympoxt" (on tentacle) {Str+6 Int-4 Slay+4}
   (You acquired it on level 3 of the Shoals)

   [ring of slaying]

   Str:       It affects your strength (+6).
   Int:       It affects your intelligence (-4).
   Slay:      It affects your accuracy & damage with ranged weapons and melee
   (+4).
Wands
 m - a wand of digging (11)
 n - a wand of mindburst (19)
 t - a wand of acid (24)
 v - a wand of polymorph (5)
 C - a wand of charming (9)
 D - a wand of roots (31)
Scrolls
 d - a scroll of poison
 f - 4 scrolls of noise
 j - 9 scrolls of teleportation
 w - 3 scrolls of silence
 G - 7 scrolls of identify
 H - 2 scrolls of blinking
 L - 5 scrolls of enchant armour
 M - 5 scrolls of magic mapping
 P - a scroll of amnesia
 Q - 4 scrolls of fear
Potions
 c - a potion of mutation
 e - 6 potions of brilliance
 g - a potion of magic
 i - 14 potions of curing
 k - 4 potions of flight
 q - 6 potions of lignification
 u - 4 potions of might
 z - 2 potions of berserk rage
 B - 3 potions of degeneration
 K - 5 potions of attraction
Miscellaneous
 F - a lightning rod (4/4)


   Skills:
 + Level 12.2 Fighting
 - Level 3.6 Short Blades
 - Level 18.0 Ranged Weapons
 - Level 18.0 Dodging
 + Level 13.3 Stealth
 - Level 5.0 Evocations


You had 15 spell levels left.
You didn't know any spells.
Your spell library contained the following spells:

 Spells                   Type           Power      Damage    Failure   Level
 Kiss of Death            Conj/Necr      0%         2d5       36%         1
 Magic Dart               Conj           0%         1d3       36%         1
 Necrotise                Necr           0%         1d4       36%         1
 Summon Small Mammal      Summ           0%         N/A       36%         1
 Blink                    Tloc           0%         N/A       50%         2
 Call Imp                 Summ           0%         N/A       50%         2
 Ensorcelled Hibernation  Hex/Ice        0%         N/A       50%         2
 Lesser Beckoning         Tloc           0%         N/A       50%         2
 Momentum Strike          Conj/Tloc      0%         3d8       50%         2
 Passwall                 Tmut/Erth      0%         N/A       50%         2
 Call Canine Familiar     Summ           0%         N/A       75%         3
 Confusing Touch          Hex            0%         N/A       75%         3
 Mephitic Cloud           Conj/Pois/Air  0%         N/A       75%         3
 Portal Projectile        Hex/Tloc       0%         N/A       75%         3
 Summon Guardian Golem    Hex/Summ       0%         N/A       75%         3
 Swiftness                Air            0%         N/A       75%         3
 Vampiric Draining        Necr           0%         2d6       75%         3
 Airstrike                Air            0%         2d(0-16)  98%         4
 Dispel Undead            Necr           0%         3d6       98%         4
 Leda's Liquefaction      Hex/Erth       0%         N/A       98%         4
 Summon Lightning Spire   Summ/Air       0%         N/A       98%         4
 Agony                    Necr           0%         N/A       100%        5
 Lightning Bolt           Conj/Air       0%         1d11      100%        5
 Conjure Ball Lightning   Conj/Air       0%         3x3d6     100%        6
 Discord                  Hex            0%         N/A       100%        8
 Disjunction              Tloc           0%         N/A       100%        8


Dungeon Overview and Level Annotations

Branches:
Dungeon (13/15) Zot: 25689  Temple (1/1) D:6 Zot: 5682    Lair (5/5) D:11 Zot: 21868
 Shoals (4/4) Lair:3 Zot: 21038  Spider (0/4) Lair:3        Slime (0/5) Lair:5
    Orc (2/2) D:9 Zot: 11006     Elf (0/3) Orc:2        Vaults (0/5) D:13
Gauntlet (visited)

Altars:
Ashenzari
Cheibriados
Dithmenos
Elyvilon
Fedhas
Gozag
Hepliaklqana
Kikubaaqudgha
Makhleb
Nemelex Xobeh
Okawaru
Qazlal
Ru
Sif Muna
Trog
Uskayaw
Vehumet
Wu Jian
Xom
Yredelemnul
Zin
The Shining One
Jiyva

Shops:
D:8 (   D:11 :*   D:12 =   Orc:1 !   Orc:2 (((?=   Lair:1 (   Lair:5 *

Annotations:
D:4 1 runed translucent door, Crazy Yiuf
D:5 3 runed translucent doors, luigi's ghost, weakling KoDe
D:7 exclusion: downstairs
D:8 exclusion: downstairs
D:9 exclusion: downstairs
Lair:1 exclusion: downstairs


Innate Abilities, Weirdness & Mutations

You cannot wear most types of armour.
You are amphibious.
You can wear up to eight rings at the same time.
Your skin changes colour to match your surroundings (Stealth+).
Your rubbery body absorbs attacks. (AC +1, EV +1)
((You are camouflaged when in or above water. (Stealth+)))
You have tentacles for arms and can constrict up to eight enemies at once.


Message History

Press: ? - help, Q - select action, (/) - cycle Shift-Dir - straight line, f/p - manticore
Aim: a manticore (severely wounded, 85% to hit)
You shoot a bolt. The satyr shouts!
The bolt hits the manticore!!!
You kill the manticore!
The satyr is no longer distracted by gold.
The merfolk completely misses you.
The faun shoots a sling bullet.
The sling bullet completely misses you.
The satyr unwields a +0 spear.
The satyr wields a +0 longbow.
The satyr shoots an arrow.
The arrow hits you!! The merfolk misses you.
The faun shoots a sling bullet.
The sling bullet completely misses you.
Fire: b) +8 arbalest (heavy)
Press: ? - help, Q - select action, (/) - cycle Shift-Dir - straight line, f - satyr
Aim: a satyr, wielding a +0 longbow (strong, 76% to hit)
You shoot a bolt. The bolt barely misses the satyr.
The satyr shoots an arrow.
The arrow misses you.
The merfolk is distracted by your dazzling golden aura.
The faun shoots a sling bullet.
The sling bullet barely misses you.
The merfolk shouts!
Fire: b) +8 arbalest (heavy)
Press: ? - help, Q - select action, (/) - cycle Shift-Dir - straight line, f/p - satyr
Aim: a satyr, wielding a +0 longbow (strong, 76% to hit)
You shoot a bolt. The bolt hits the satyr!!!
The satyr is almost dead.
You hear a shout!
The merfolk is no longer distracted by gold.
The merfolk hits you from afar with a +0 trident!
* * * LOW HITPOINT WARNING * * *
The satyr shoots an arrow.
The arrow completely misses you. The merfolk completely misses you.
Okay, then.
You feel better.
The satyr plays a lulling melody on his pipes!
You struggle to resist.
The merfolk completely misses you.
The faun is distracted by your dazzling golden aura.
The faun shouts!
You feel better.
The satyr shoots an arrow.
The arrow hits you!!!
You die...
Your body crumbles into a pile of gold.

≈≈≈~~~~..=.#...<.P..P#.P.P~
≈≈≈~~~~..P##.........#....~
≈≈≈~~~~..P...)............~
≈≈≈~~~~~.......#+#...P...~~
≈≈≈~~~~~.P...~##.##.~.~.P~~
≈≈≈~~~~~~~~~~~#...(~~~~~~~~
≈≈≈~~~~#####++#.~.#++##...~
≈≈≈~~~. #...# ##. ≈≈≈~~.#
##@## ≈≈~.# #c# ≈##


mcc ~.$.. ##8~.## ..~.# ..~/# .#.~.. You could see a satyr (strong), a merfolk
and 2 fauns.

Vanquished Creatures
  5 merfolk impalers
  2 hydras
  Harold (Orc:1)
  2 vault guards (D:13)
  5 catoblepae
  2 ogre magi (Orc:2)
  2 centaur warriors (D:13)
  A boulder beetle (Lair:5)
  8 two-headed ogres
  2 merfolk aquamancers
  4 satyrs
  3 merfolk avatars (Shoals:1)
  19 death yaks
  A deep troll shaman (Lair:5)
  An orc high priest (Orc:1)
  6 skysharks
  Nergalle (Orc:2)
  A fire crab (Gauntlet)
  12 sea snakes
  3 skeletal warriors
  2 deep trolls (Orc:2)
  A lindwurm (Lair:5)
  A wizard (D:12)
  11 harpies
  2 ugly things
  2 cyclopes
  3 elephants (Lair:5)
  An orc sorcerer (Orc:2)
  16 fauns
  8 manticores
  11 merfolk sirens
  4 black mambas
  2 water nymphs
  3 torpor snails
  4 gargoyles
  6 cane toads
  3 unseen horrors
  3 rime drakes
  9 komodo dragons
  11 merfolk
  2 polar bears
  A wind drake (Shoals:2)
  16 trolls
  A meliai (D:13)
  A hornet (Lair:2)
  A tyrant leech (D:10)
  4 snapping turtles
  6 slime creatures
  13 blink frogs
  5 flying skulls (Gauntlet)
  2 jumping spiders (shapeshifter) (D:13)
  5 wraiths
  43 yaks
  2 shadows
  2 unseen horror simulacra (D:9)
  A vampire (D:12)
  10 water elementals
  7 basilisks
  4 wyverns
  2 fire bats (Gauntlet)
  8 humans (D:13)
  4 vampire mosquitoes (D:13)
  A steam dragon (D:9)
  3 redbacks (Lair:3)
  4 swamp worms (D:10)
  5 wargs
  An acid dragon (D:9)
  11 water moccasins
  9 orc warriors
  3 ice beasts (D:9)
  A sky beast (D:8)
  A black bear (Lair:1)
  21 ogres
  17 wolves
  10 centaurs
  A phantom (D:5)
  2 kobold brigands (D:8)
  10 bullfrogs
  3 gnoll sergeants
  4 scorpions
  17 wights
  16 killer bees
  5 electric eels
  A howler monkey (D:11)
  A crimson imp (D:12)
  5 jellies
  5 hounds
  A sleepcap (D:6)
  10 orc priests
  Jessica (D:3)
  14 orc wizards
  Terence (D:3)
  A gnoll bouda (D:5)
  4 iguanas (D:5)
  A centaur simulacrum (D:9)
  20 gnolls
  10 adders
  A shadow imp (D:8)
  5 white imps
  An ufetubus (D:5)
  3 worms (D:3)
  4 dart slugs
  34 orcs
  5 ball pythons
  3 bats (D:3)
  5 endoplasms
  A giant cockroach (D:2)
  7 goblins
  5 hobgoblins
  15 kobolds
  4 quokkas
  3 frilled lizards (D:3)
  5 rats
645 creatures vanquished.

Vanquished Creatures (collateral kills)
  A two-headed ogre (Orc:2)
  An orc knight (Orc:2)
  An orc sorcerer (Orc:2)
  2 cyclopes (Orc:2)
  A troll (Orc:2)
  An orc warrior (Orc:2)
  2 ogres (Orc:2)
  2 orcs (Orc:2)
11 creatures vanquished.

Vanquished Creatures (others)
  2 vault guards (D:13)
  A cyclops (Orc:2)
  A troll (Orc:2)
  A bush (Lair:2)
  33 fungi
  86 plants
124 creatures vanquished.

Grand Total: 780 creatures vanquished

Notes
Turn   | Place    | Note
-------+----------+-------------------------------------------
     0 | D:1      | holysushi the Octopode Monk began the quest for the Orb.
     0 | D:1      | Reached XP level 1. HP: 16/16 MP: 1/1
   193 | D:1      | Reached XP level 2. HP: 18/21 MP: 2/2
   726 | D:2      | Found an ancient bone altar of Kikubaaqudgha.
   977 | D:2      | Reached XP level 3. HP: 22/26 MP: 3/3
  1320 | D:3      | Noticed Terence
  1414 | D:3      | Killed Terence
  1415 | D:3      | Reached skill level 1 in Ranged Weapons
  1415 | D:3      | Reached XP level 4. HP: 27/33 MP: 4/4
  1520 | D:3      | Noticed Jessica
  1527 | D:3      | Killed Jessica
  2161 | D:4      | Reached XP level 5. HP: 25/37 MP: 5/5
  3230 | D:4      | Found a runed translucent door.
  3231 | D:4      | Noticed Crazy Yiuf
  3271 | D:4      | Reached XP level 6. HP: 12/43 MP: 6/6
  3278 | D:4      | Reached skill level 5 in Ranged Weapons
  3792 | D:4      | Found a sacrificial altar of Ru.
  3958 | D:5      | Entered Level 5 of the Dungeon
  4086 | D:5      | Found a runed translucent gate.
  4086 | D:5      | Found a runed translucent gate.
  4087 | D:5      | Found a runed translucent gate.
  4089 | D:5      | Noticed luigi's ghost (weakling KoDe)
  4109 | D:5      | Noticed a water moccasin
  4117 | D:5      | Killed a water moccasin
  4118 | D:5      | Reached XP level 7. HP: 41/47 MP: 7/7
  4354 | D:5      | Noticed a yak
  4388 | D:5      | Killed a yak
  4389 | D:5      | Reached XP level 8. HP: 34/54 MP: 8/8
  4990 | D:6      | Found an ornate altar of the Wu Jian Council.
  5010 | D:6      | Reached skill level 10 in Ranged Weapons
  5209 | D:6      | Found a staircase to the Ecumenical Temple.
  5215 | Temple   | Entered the Ecumenical Temple
  5516 | Temple   | Became a worshipper of Gozag Ym Sagoz the Greedy
  5593 | D:6      | Reached XP level 9. HP: 58/58 MP: 9/9
  7154 | D:8      | Reached skill level 5 in Dodging
  7536 | D:8      | Reached skill level 5 in Fighting
  7842 | D:8      | Found a hide-covered altar of Uskayaw.
  7927 | D:8      | Reached XP level 10. HP: 64/66 MP: 10/10
  8235 | D:8      | Bought a glowing shortbow for 198 gold pieces
  8549 | D:9      | Found a staircase to the Orcish Mines.
  8909 | D:9      | You fall into a shaft and drop 2 floors!
  9034 | D:11     | Found a white marble altar of Elyvilon.
  9093 | D:10     | Entered Level 10 of the Dungeon
  9162 | D:10     | Found a broken altar of Ashenzari.
  9458 | D:10     | Reached skill level 5 in Stealth
  9957 | D:9      | Reached XP level 11. HP: 53/71 MP: 11/11
 10295 | D:9      | Noticed a death yak
 10531 | D:10     | Reached skill level 1 in Evocations
 11222 | Orc:1    | Entered Level 1 of the Orcish Mines
 11222 | Orc:1    | Noticed Harold
 11269 | D:11     | Noticed a two-headed ogre
 11697 | D:11     | Killed a two-headed ogre
 11698 | D:11     | Reached skill level 15 in Ranged Weapons
 11816 | D:11     | Found a staircase to the Lair.
 11824 | D:11     | Found Warhin's Book Emporium.
 11965 | D:11     | Noticed a skeletal warrior
 11969 | D:11     | Noticed a skeletal warrior
 11969 | D:11     | Noticed a skeletal warrior
 11989 | Lair:1   | Entered Level 1 of the Lair of Beasts
 12493 | Lair:1   | Reached XP level 12. HP: 54/80 MP: 12/12
 12827 | Lair:2   | Noticed a death yak
 12827 | Lair:2   | Noticed a death yak
 12827 | Lair:2   | Noticed a death yak
 12827 | Lair:2   | Noticed a death yak
 12827 | Lair:2   | Noticed a death yak
 12897 | Lair:2   | Noticed a catoblepas
 13744 | Lair:1   | Killed a death yak
 14045 | Lair:3   | Noticed a death yak
 14056 | Lair:3   | Noticed a death yak
 14060 | Lair:3   | Noticed a death yak
 14080 | Lair:2   | Killed a death yak
 14261 | Lair:3   | Found a staircase to the Shoals.
 14384 | Lair:3   | Noticed a death yak
 14384 | Lair:3   | Noticed a death yak
 14399 | Lair:3   | Noticed a death yak
 14400 | Lair:3   | Noticed a death yak
 14425 | Lair:3   | Killed a death yak
 14439 | Lair:3   | Killed a death yak
 14444 | Lair:3   | Killed a death yak
 14461 | Lair:3   | Killed a death yak
 14467 | Lair:3   | Killed a death yak
 14477 | Lair:3   | Killed a death yak
 14926 | Lair:3   | Found a hole to the Spider Nest.
 15323 | Lair:4   | Noticed a six-headed hydra
 15481 | Lair:4   | Reached skill level 10 in Dodging
 15481 | Lair:4   | Reached XP level 13. HP: 77/88 MP: 13/13
 16034 | Lair:4   | Identified a scroll of acquirement
 16035 | Lair:4   | Acquired the -2 hat of the Alchemist {rElec rPois rF+ rC+
                  | rN+ Will+ rMut rCorr}
 16035 | Lair:4   | Found the -2 hat of the Alchemist {rElec rPois rF+ rC+ rN+
                  | Will+ rMut rCorr}
 16420 | Lair:5   | Entered Level 5 of the Lair of Beasts
 16423 | Lair:5   | Bought a scroll of enchant weapon for 270 gold pieces
 17734 | Lair:5   | Found a viscous altar of Jiyva.
 17748 | Lair:5   | Found a staircase to the Slime Pits.
 18566 | Lair:5   | Reached XP level 14. HP: 73/97 MP: 14/14
 18754 | Lair:5   | Identified the +8 shortbow "Mawois" {flame, rC+}
 20496 | D:11     | Found Moxoh's General Store.
 20504 | D:11     | Bought a scroll of teleportation for 39 gold pieces
 22122 | D:13     | Reached skill level 15 in Dodging
 22839 | D:13     | Found a gate to the Vaults.
 23052 | Orc:1    | Killed Harold
 23094 | Orc:1    | Found Gepyc's Distillery.
 23562 | Orc:2    | Entered Level 2 of the Orcish Mines
 23562 | Orc:2    | Found Mysez's Antique Weapon Boutique.
 23562 | Orc:2    | Found a gate leading to a gauntlet.
 23562 | Orc:2    | Found Ziaha's Jewellery Shop.
 23589 | Orc:2    | Reached XP level 15. HP: 100/101 MP: 15/15
 23795 | Gauntlet | Entered a Gauntlet
 23795 | Gauntlet | Found a transporter.
 23795 | Gauntlet | Found a transporter.
 23795 | Gauntlet | Found a transporter.
 23804 | Gauntlet | Found a transporter.
 23814 | Gauntlet | Found a transporter.
 23829 | Gauntlet | Found a transporter.
 23831 | Gauntlet | Found a large runed translucent door.
 23832 | Gauntlet | Found a large runed translucent door.
 23833 | Gauntlet | Found a large runed translucent door.
 23833 | Gauntlet | Found a large runed translucent door.
 23833 | Gauntlet | Found a runed translucent door.
 23833 | Gauntlet | Found a runed translucent door.
 23834 | Gauntlet | Found a large runed translucent door.
 23835 | Gauntlet | Found a large runed translucent door.
 23836 | Gauntlet | Found a large runed translucent door.
 23836 | Gauntlet | Found a large runed translucent door.
 23837 | Gauntlet | Found a runed translucent gate.
 23837 | Gauntlet | Found a runed translucent gate.
 23837 | Gauntlet | Found a runed translucent gate.
 23839 | Gauntlet | Found a transporter.
 23848 | Gauntlet | Found a large runed translucent door.
 23848 | Gauntlet | Found a large runed translucent door.
 23849 | Gauntlet | Found a large runed translucent door.
 23850 | Gauntlet | Found a large runed translucent door.
 23854 | Gauntlet | Found a transporter.
 23860 | Gauntlet | Found a transporter.
 23874 | Gauntlet | Found a transporter.
 23880 | Gauntlet | Found a transporter.
 23884 | Gauntlet | Found a transporter.
 23894 | Gauntlet | Found a large runed translucent door.
 23895 | Gauntlet | Found a large runed translucent door.
 23896 | Gauntlet | Found a large runed translucent door.
 23896 | Gauntlet | Found a large runed translucent door.
 24047 | Gauntlet | Identified the ring "Bekhoej" {MP+9 Str+4 Int+2}
 24395 | Orc:2    | Found Leoloehi's Antique Weapon Shop.
 24398 | Orc:2    | Found Ehaupsap's Antique Weapon Shoppe.
 24424 | Orc:2    | Bought a +5 ring of evasion for 540 gold pieces
 24643 | Orc:2    | Found a staircase to the Elven Halls.
 24784 | Orc:1    | Noticed Nergalle
 24801 | Orc:2    | Killed Nergalle
 25033 | Shoals:1 | Entered Level 1 of the Shoals
 25630 | Shoals:1 | Reached skill level 5 in Evocations
 26012 | Shoals:2 | Reached skill level 10 in Fighting
 26081 | Shoals:2 | Reached XP level 16. HP: 109/109 MP: 16/16
 26535 | Shoals:2 | Reached skill level 10 in Stealth
 27793 | Shoals:4 | Entered Level 4 of the Shoals
 27859 | Shoals:3 | Acquired the ring "Ympoxt" {Str+6 Int-4 Slay+4}
 28117 | Shoals:4 | Shot with an arrow by a satyr

Illustrated notes

Levels and vault maps discovered:
D:1:      wander_arrival_estate, layout_basic, minmay_box_of_dots
D:2:      layout_basic, basic_altar
D:3:      layout_loops_ring, bh_walls_and_bars, uniq_terence, uniq_jessica
D:4:      layout_cave_pools, nicolae_ru_path_of_blood, uniq_crazy_yiuf_cottage
D:5:      kennysheep_six_static_rooms, layout_gridville,
          gammafunk_ghost_nasty_kobolds
D:6:      layout_cave_pools, nicolae_wu_jian_wuxing_cycle,
          minmay_temple_entry_hall, chequers_serial_rivers_micro_d,
          kennysheep_flooded_box
D:7:      layout_gridville
D:8:      nicolae_BIG_FREAKIN_CUBE, layout_gridville, kennysheep_mini,
          ebering_dispersal_statue_hall, grunt_ministairs_6
D:9:      layout_loops_cross, orc_0_dummy, serial_ice, serial_ice_j,
          serial_ice_g, serial_ice_f, serial_ice_m, serial_ice_o, serial_ice_b
D:10:     layout_loops_cross, ashenzari_conservatory_becter, minmay_misc_feat_x,
          minmay_parallelograms, worms_lemuel
D:11:     layout_basic, erik_lair_orcish_takeover, serial_shops, shop_fountains,
          nicolae_shop_trees, elyvilon_altar_3
D:12:     layout_rooms, serial_rivers, chequers_serial_rivers_small_3,
          chequers_serial_rivers_room_a, chequers_serial_rivers_room_b,
          chequers_serial_rivers_marsh, lightli_wizard_tower
D:13:     layout_long_grid, ximxim_vaults_locker_room,
          minmay_fractal_squares_diagonal_5
Temple:   hc_temple_tempest_star
Lair:1:   layout_gridlike, serial_bayou_shore_b
Lair:2:   layout_concentric_octagons
Lair:3:   layout_regular_city, nicolae_shoals_entry_flooding,
          spider_nest_entry_webs
Lair:4:   layout_long_grid
Lair:5:   grunt_lair_end_beastmaster, layout_hall_layers,
          minmay_slime_entry_pillars
Shoals:1: layout_shoals
Shoals:2: layout_shoals
Shoals:3: layout_shoals
Shoals:4: shoals_end_hellmonk_lost_city, uniq_polyphemus
Orc:1:    layout_caves, serial_shops, nicolae_shop_trees,
          gammafunk_ghost_fury_of_okawaru, uniq_nergalle, uniq_harold
Orc:2:    st_orc_open, layout_caves, gauntlet_entry_generic,
          nicolae_orc_bridge_out

Skill      XL: |  1  2  3  4  5  6  7  8  9 10 11 12 13 14 15 16 |
---------------+-------------------------------------------------+-----
Ranged Weapons | 1 3 4 6 8 10 11 14 15 16 18 | 18.0
Dodging        | 6 7 10 12 16 18 | 18.0
Fighting       | 5 6 8 9 10 12 | 12.2
Stealth        | 4 6 9 13 | 13.3
Evocations     | 3 5 |  5.0
Short Blades   | |  3.6

Action                     |  1- 3 |  4- 6 |  7- 9 | 10-12 | 13-15 | 16-18 || total
---------------------------+-------+-------+-------+-------+-------+-------++-------
  Melee: Short sword       |    40 |    18 |       |       |       |       ||    58
         Constrict         |    12 |    15 |    20 |     9 |       |       ||    56
         Tentacles         |     8 |    16 |    23 |     9 |     2 |       ||    58
         Punch             |     1 |       |     2 |     3 |       |       ||     6
         Dagger            |       |    21 |    66 |    30 |     6 |       ||   123
   Fire: Sling             |     6 |   147 |       |       |       |       ||   153
         Arbalest          |       |    16 |   182 |   411 |   531 |    41 ||  1181
         Shortbow          |       |       |       |   174 |   729 |   281 ||  1184
 Invoke: Call Merchant     |       |       |       |     2 |     3 |       ||     5
         Potion Petition   |       |       |       |       |     2 |       ||     2
  Evoke: Wand              |       |       |     2 |    10 |    10 |       ||    22
    Use: Scroll            |       |     8 |     2 |    16 |     6 |    10 ||    42
         Potion            |       |     2 |     3 |     1 |    10 |     2 ||    18
   Stab: Sleeping          |     3 |       |       |       |       |       ||     3
         Distracted        |       |     1 |       |       |       |       ||     1
 Armour: Skin              |     1 |     5 |     1 |     2 |     1 |       ||    10
  Dodge: Dodged            |    22 |    77 |   146 |   295 |   724 |   334 ||  1598

Table legend: (Time is in decaauts)
 A = Elapsed time spent in this place.
 B = Non-inter-level travel time spent in this place.
 C = Inter-level travel time spent in this place.
 D = Time resting spent in this place.
 E = Time spent auto-exploring this place.
 F = Levels seen in this place.
 G = Mean time per level.
                   A        B        C        D        E       F      G
               +--------+--------+--------+--------+--------+-----+--------+
         Total |  27850 |  26377 |   1473 |   6742 |  13067 |  26 | 1071.2 |
       Dungeon |  14896 |  14213 |    683 |   3734 |   6914 |  13 | 1145.8 |
        Temple |    317 |    259 |     58 |      0 |    241 |   1 |  317.0 |
          Lair |   8131 |   7530 |    601 |   2622 |   3274 |   5 | 1626.2 |
        Shoals |   2960 |   2872 |     88 |    231 |   1943 |   4 |  740.0 |
  Orcish Mines |    993 |    951 |     42 |     35 |    562 |   2 |  496.5 |
      Gauntlet |    551 |    551 |      0 |    118 |    133 |   1 |  551.0 |
               +--------+--------+--------+--------+--------+-----+--------+

Top non-repeatable levels by time:
  Lair:5: 2450 daAuts
  Lair:2: 2049 daAuts
     D:9: 1917 daAuts
    D:11: 1686 daAuts
     D:4: 1641 daAuts
    D:10: 1394 daAuts
  Lair:3: 1306 daAuts
     D:8: 1273 daAuts
  Lair:4: 1174 daAuts
  Lair:1: 1150 daAuts
     D:7: 1058 daAuts
Shoals:3: 1042 daAuts
     D:5: 982 daAuts
     D:3: 965 daAuts
    D:13: 960 daAuts
